Description

Practise build

Replay - Serral v TYTY: Game 5 - King's Cove LE

Build Order

Get SALT Encoding   

  12  0:00  SCV  
  13  0:12  SCV  
  14  0:18  Supply Depot  
  14  0:24  SCV  
  15  0:42  Barracks  
  15  0:51  Barracks  
  15  0:55  SCV  
  16  1:07  SCV  
  17  1:15  Refinery  
  17  1:19  SCV  
  18  1:28  Marine  
  18  1:31  Orbital Command  
  19  1:37  Marine  
  20  1:45  Supply Depot  
  20  1:46  Marine  
  21  1:55  Bunker  
  21  1:58  Supply Depot  
  21  2:03  Marine  
  22  2:09  Marine  
  22  2:18  Bunker  
  24  2:25  Factory  
  24  2:26  Marine  
  24  2:28  SCV  
  24  2:32  Marine  
  25  2:40  SCV  
  28  2:52  SCV  
  27  3:00  Command Center  
  27  3:04  SCV  
  28  3:06  Refinery  
  28  3:08  Factory Reactor  
  28  3:18  Supply Depot  
  29  3:27  Starport  
  31  3:44  Hellion x2  
  36  4:04  Medivac  
  39  4:11  Hellion x2  
  39  4:13  Orbital Command  
  39  4:16  Liberator  
  44  4:31  Orbital Command  
  44  4:33  Hellion x2  
  51  4:43  Supply Depot  
  51  4:44  Barracks Tech Lab  
  53  5:01  Hellion x2  
  53  5:06  Armory  
  60  5:26  Hellion x2  
  64  5:32  Stimpack  
  64  5:35  Barracks  
  65  5:39  Engineering Bay  
  65  5:41  Starport Reactor  
  67  5:49  Marine  
  68  5:56  Marine x2  
  71  5:59  Factory Tech Lab  
  73  6:09  Terran Infantry Weapons Level 1  
  76  6:27  Siege Tank  
  76  6:29  Starport Reactor  
  74  6:42  Refinery  
  69  6:55  Refinery  
  69  6:59  Siege Tank  
  75  7:06  Medivac x2  
  80  7:31  Siege Tank  
  86  7:47  Medivac x2  
Spawning Tool Build Advisor. Get it on Overwolf

Go to:

Details

  • Created by: Mediceye
  • Published on: Jul 12, 2019
  • Modified on: Jul 12, 2019
  • Patch: 4.7.1
Show
View Real Time Build Order
Export as new Build Order

Comments (0)

There are no comments. Be the first!

Create an account to comment!